 Dungeon Crawl Stone Soup version 0.24-a0-416-g56ce5178b7 (webtiles) character file.

Game seed: 1012161975336909778

362 HAL9000 the Changer (level 6, 0/47 HPs)
             Began as a Draconian Transmuter on June 9, 2019.
             Was an Initiate of Ru.
             Succumbed to a worker ant's poison
             ... on level 5 of the Dungeon.
             The game lasted 00:04:34 (4920 turns).

HAL9000 the Changer (Draconian Transmuter)          Turns: 4920, Time: 00:04:35

Health: 0/47       AC:  3    Str: 12    XL:     6   Next: 39%
Magic:  7/9        EV: 19    Int: 15    God:    Ru [......]
Gold:   287        SH:  0    Dex: 17    Spells: 3/9 levels left

rFire    . . .     SeeInvis .     - Unarmed
rCold    . . .     Gourm    .   (shield currently unavailable)
rNeg     + . .     Faith    .   (armour unavailable)
rPois    x         Spirit   .   (helmet currently unavailable)
rElec    .         Reflect  .   (cloak currently unavailable)
rCorr    .         Harm     .   (gloves currently unavailable)
MR       .....                  (boots currently unavailable)
Stlth    ++........             (no amulet)
HPRegen  0.15/turn              k - +1 ring of protection
MPRegen  0.11/turn              p - ring of positive energy

@: lethally poisoned (0 -> -5), spider-form
A: tiny, unfitting armour, AC +6
a: End Transformation, Renounce Religion


You were on level 5 of the Dungeon.
You worshipped Ru.
Ru was noncommittal.
You were hungry.
You were a venomous arachnid creature.
You visited 2 branches of the dungeon, and saw 6 of its levels.

You collected 287 gold pieces.

Inventory:

Missiles
 a - 37 arrows
 m - 3 javelins (quivered)
Armour
 q - a +0 shield
 u - a +1 cloak (melded)
Jewellery
 k - a +1 ring of protection (left front leg)
 p - a ring of positive energy (right front leg)
Scrolls
 f - a scroll of random uselessness {unknown}
 i - 3 scrolls of remove curse {unknown}
 l - 4 scrolls of identify {unknown}
 n - a scroll of enchant armour {unknown}
 o - 2 scrolls of teleportation {unknown}
 r - a scroll of enchant weapon {unknown}
 t - 2 scrolls of magic mapping {unknown}
Potions
 b - 2 potions of brilliance {unknown}
 d - a potion of flight {unknown}
 e - a potion of might {unknown}
 g - 3 potions of heal wounds {unknown}
 h - a potion of lignification {unknown}
 j - 2 potions of curing {unknown}
Comestibles
 c - 5 rations
 s - 2 chunks of flesh


   Skills:
 - Level 1.1 Fighting
 - Level 1.7 Dodging
 - Level 5.0 Unarmed Combat
 - Level 2.0 Spellcasting
 + Level 5.5 Transmutations


You had 3 spell levels left.
You knew the following spells:

 Your Spells              Type           Power        Failure   Level  Hunger
a - Beastly Appendage     Tmut           ###...       9%          1    #......
b - Sticks to Snakes      Tmut           ###.....     12%         2    ###....
c - Spider Form           Tmut/Pois      #.........   43%         3    ###....

Your spell library contained the following spells:

 Spells                   Type           Power        Failure   Level  Hunger
 Blade Hands              Tmut           ###.......   75%         5    ######.
 Ice Form                 Ice/Tmut       #.......     77%         4    #####..


Dungeon Overview and Level Annotations

Branches:
Dungeon (5/15)             Temple (1/1) D:4

Altars:
Ashenzari
Cheibriados
Dithmenos
Fedhas
Gozag
Hepliaklqana
Kikubaaqudgha
Makhleb
Nemelex Xobeh
Okawaru
Qazlal
Ru
Sif Muna
Vehumet
Wu Jian
Xom
Yredelemnul


Innate Abilities, Weirdness & Mutations

((Your plain brown scales are hard. (AC +6)))
You cannot fit into any form of body armour.
((You are cold-blooded and may be slowed by cold attacks.))


Message History

You kill the worker ant!
You feel sick. The ice beast barely misses you.
You hit the ice beast but do no damage.
You feel sick. The ice beast closely misses you.
You hit the ice beast.
The ice beast is moderately wounded.
You feel sick. The ice beast misses you.
Unknown command.
You are feeling hungry.
You hit the ice beast.
The ice beast is moderately wounded.
You feel sick. The ice beast hits you. The ice beast freezes you!
Unknown command.
You barely miss the ice beast.
The ice beast is moderately wounded.
The ice beast hits you. The ice beast freezes you!
* * * LOW HITPOINT WARNING * * *
* * * LOW HITPOINT WARNING * * *
You feel sick.
You die...

#####....#....
#.....#..##...
.....#####...# ..
##.########.#.#
#......<.##.#.#
#..######..#.#.##
##...#..#
##...#.###
#.#.s...#
#(.###.Y.# ..##
###..# #.# .$# ..
.?# #.# ... #.
.... #.h.. .....


You could see an ice beast.

Vanquished Creatures
  A howler monkey (D:4)
  Jessica (D:3)
  4 worker ants
  2 gnolls
  8 adders
  An adder skeleton (D:4)
  2 worms (D:2)
  3 dart slugs
  3 leopard geckos (D:1)
  3 giant cockroaches
  13 goblins
  11 hobgoblins
  10 jackals
  3 quokkas
  10 bats
  5 frilled lizards
  9 kobolds
  A leopard gecko skeleton (D:4)
  5 rats
95 creatures vanquished.

Notes
Turn   | Place    | Note
-------+----------+-------------------------------------------
     0 | D:1      | HAL9000 the Draconian Transmuter began the quest for the
                  | Orb.
     0 | D:1      | Reached XP level 1. HP: 16/16 MP: 3/3
    91 | D:1      | Found a shadowy altar of Dithmenos.
   105 | D:1      | Reached XP level 2. HP: 13/23 MP: 3/5
   616 | D:1      | Reached XP level 3. HP: 22/28 MP: 6/6
  1450 | D:2      | Reached XP level 4. HP: 21/35 MP: 5/7
  1565 | D:2      | Reached skill level 5 in Unarmed Combat
  2393 | D:2      | Learned a level 2 spell: Sticks to Snakes
  2397 | D:2      | Learned a level 3 spell: Spider Form
  2419 | D:2      | Found a shattered altar of Ashenzari.
  2919 | D:3      | Reached XP level 5. HP: 34/40 MP: 6/8
  3375 | D:3      | Noticed Jessica
  3383 | D:3      | Killed Jessica
  3772 | D:4      | Found a staircase to the Ecumenical Temple.
  3800 | Temple   | Entered the Ecumenical Temple
  3975 | Temple   | Became a worshipper of Ru the Awakened
  4420 | D:4      | Reached XP level 6. HP: 34/47 MP: 9/9
  4624 | D:4      | Reached skill level 5 in Transmutations
  4724 | D:5      | Entered Level 5 of the Dungeon
  4732 | D:5      | Noticed an ice beast
  4918 | D:5      | HP: 2/47 [ice beast (13)]
  4920 | D:5      | Succumbed to a worker ant's poison

Levels and vault maps discovered:
D:1:      beargit_arrival_greenhouse, layout_basic, minmay_hexomino_r4
D:2:      layout_basic, ashenzari_altar_1, minmay_misc_feat_pillars
D:3:      layout_loops_ring, uniq_jessica
D:4:      layout_cave_pools, temple_fountains
D:5:      layout_rooms, first_ration, kennysheep_path_1, dk_noncrumbling_4
Temple:   eino_temple_rhombus

Skill      XL: |  1  2  3  4  5  6 |
---------------+-------------------+-----
Unarmed Combat | 4 5 |  5.0
Transmutations | 3 4 5 |  5.5
Fighting       | |  1.1
Dodging        | |  1.7
Spellcasting   | |  2.0

Action                   |  1- 3 |  4- 6 || total
-------------------------+-------+-------++-------
Melee: Unarmed           |   145 |   220 ||   365
       Tailslap          |    13 |    11 ||    24
       Headbutt          |     2 |     8 ||    10
       Kick              |     2 |     3 ||     5
       Punch             |       |     3 ||     3
 Cast: Beastly Appendage |    12 |    14 ||    26
       Spider Form       |       |     5 ||     5
 Stab: Sleeping          |     1 |     1 ||     2
  Eat: Chunk             |     2 |    12 ||    14
Armor: Skin              |    55 |    58 ||   113
Dodge: Dodged            |   119 |   170 ||   289

Table legend:
 A = Non-vault XP
 B = Vault XP
 C = Vault XP percentage of total XP
 D = Non-vault monster count
 E = Vault monster count
 F = Vault count percentage of total count
                 A         B        C        D         E       F
            +---------+---------+-------+---------+---------+-------
      Total |     475 |      43 |   8.3 |      91 |       4 |   4.2
            +---------+---------+-------+---------+---------+-------
        D:1 |      65 |       6 |   8.5 |      35 |       3 |   7.9
        D:2 |      82 |       0 |   0.0 |      22 |       0 |   0.0
        D:3 |      65 |      37 |  36.3 |      17 |       1 |   5.6
        D:4 |     202 |       0 |   0.0 |      14 |       0 |   0.0
        D:5 |      61 |       0 |   0.0 |       3 |       0 |   0.0
            +---------+---------+-------+---------+---------+-------
